 Dungeon Crawl Stone Soup version 0.30.0-2-g1aa4bd4387 (webtiles) character file.

Game seed: 15762255710939970458

380816 Kenran the Minotaur Blade (level 21, -2/207 HPs)
             Began as a Minotaur Cinder Acolyte on May 6, 2023.
             Was an Initiate of Jiyva.
             Killed from afar by a fire giant (55 damage)
             ... with a bolt of fire
             ... on level 4 of the Depths on May 7, 2023.
             The game lasted 02:50:11 (62934 turns).

Kenran the Minotaur Blade (MiCA)                   Turns: 62934, Time: 02:50:12

Health: -2/207     AC: 35    Str: 24    XL:     21   Next: 89%
Magic:  21/21      EV: 24    Int: 14    God:    Jiyva [......]
Gold:   1001       SH:  0    Dex: 17    Spells: 22/22 levels left

rFire   . . .        a - +3 triple sword of Kenran's Slow Death {freeze, rC+ Will++ Str+2 Int+3, rare}
rCold   + . .        (shield currently unavailable)
rNeg    . . .        B - +4 storm dragon scales {rare}
rPois   .            I - +2 hat {Will+}
rElec   +            d - +0 cloak of the Enchanted Forest {Fly Dex+3}
rCorr   +            S - +1 pair of gloves of Levity {Slay+2}
SInv    .            j - +2 pair of boots {Stlth+}
Will    ++++.        g - amulet of regeneration Stlth
                     E - +5 ring of evasion
HPRegen 1.34/turn    R - ring of resist corrosion
MPRegen 0.17/turn

%: no passive effects
@: flying, fire susceptible
A: horns 2, retaliatory headbutt
}: 2/15 runes: decaying, serpentine
a: Renounce Religion


You were on level 4 of the Depths.
You worshipped Jiyva.
Jiyva was noncommittal.
You visited 9 branches of the dungeon, and saw 45 of its levels.
You visited the Abyss 1 time.
You also visited: Ice Cave.

You collected 4217 gold pieces.
You spent 3216 gold pieces at shops.


Innate Abilities, Weirdness & Mutations

You have a pair of horns on your head.
You reflexively headbutt those who attack you in melee.


   Skills:
 - Level 22.0 Fighting
 - Level 22.0 Long Blades
 - Level 22.0 Armour
 + Level 20.2 Dodging
 - Level 4.8 Shields
 - Level 1.0 Spellcasting
 - Level 2.1 Fire Magic
 - Level 16.0 Evocations


You had 22 spell levels left.
You didn't know any spells.
Your spell library contained the following spells:

 Spells                   Type           Power      Damage    Failure   Level
 Scorch                   Fire           12%        2d6       43%         2
 Foxfire                  Conj/Fire      12%        2x1d4     45%         1
 Apportation              Tloc           0%         N/A       61%         1
 Magic Dart               Conj           0%         1d3       61%         1
 Shock                    Conj/Air       0%         1d3       61%         1
 Slow                     Hex            0%         N/A       61%         1
 Sting                    Tmut/Pois      0%         1d3       61%         1
 Blink                    Tloc           0%         N/A       75%         2
 Call Imp                 Summ           0%         N/A       75%         2
 Ensorcelled Hibernation  Hex/Ice        0%         N/A       75%         2
 Lesser Beckoning         Tloc           0%         N/A       75%         2
 Momentum Strike          Conj/Tloc      0%         3d8       75%         2
 Passwall                 Tmut/Erth      0%         N/A       75%         2
 Volatile Blastmotes      Fire/Tloc      6%         2d10      83%         3
 Call Canine Familiar     Summ           0%         N/A       93%         3
 Confusing Touch          Hex            0%         N/A       93%         3
 Dazzling Flash           Conj/Hex       0%         N/A       93%         3
 Gell's Gravitas          Tloc           0%         N/A       93%         3
 Hailstorm                Conj/Ice       0%         3d3       93%         3
 Mephitic Cloud           Conj/Pois/Air  0%         N/A       93%         3
 Ozocubu's Armour         Ice            0%         N/A       93%         3
 Portal Projectile        Hex/Tloc       0%         N/A       93%         3
 Spider Form              Tmut/Pois      0%         N/A       93%         3
 Stone Arrow              Conj/Erth      0%         3d7       93%         3
 Swiftness                Air            0%         N/A       93%         3
 Teleport Other           Tloc           0%         N/A       93%         3
 Vampiric Draining        Necr           0%         2d6       93%         3
 Vhi's Electric Charge    Tloc/Air       0%         N/A       93%         3
 Sticky Flame             Conj/Fire      3%         2d3       99%         4
 Airstrike                Air            0%         2d(0-16)  100%        4
 Anguish                  Hex/Necr       0%         N/A       100%        4
 Animate Armour           Summ/Erth      0%         N/A       100%        4
 Animate Dead             Necr           0%         N/A       100%        4
 Cause Fear               Hex            0%         N/A       100%        4
 Fulminant Prism          Conj/Hex       0%         3d5       100%        4
 Ice Form                 Ice/Tmut       0%         N/A       100%        4
 Iskenderun's Mystic Bla  Conj/Tloc      0%         2d3       100%        4
 Leda's Liquefaction      Hex/Erth       0%         N/A       100%        4
 Manifold Assault         Tloc           0%         N/A       100%        4
 Passage of Golubria      Tloc           0%         N/A       100%        4
 Petrify                  Tmut/Erth      0%         N/A       100%        4
 Alistair's Intoxication  Tmut/Pois      0%         N/A       100%        5
 Arcjolt                  Conj/Air       0%         1d10      100%        5
 Blade Hands              Tmut           0%         N/A       100%        5
 Borgnjor's Vile Clutch   Necr/Erth      0%         N/A       100%        5
 Fireball                 Conj/Fire      1%         3d3       100%        5
 Freezing Cloud           Conj/Ice/Air   0%         6-21      100%        5
 Iskenderun's Battlesphe  Conj           0%         2d6       100%        5
 Lee's Rapid Deconstruct  Erth           0%         3d4*      100%        5
 Metabolic Englaciation   Hex/Ice        0%         N/A       100%        5
 Silence                  Hex/Air        0%         N/A       100%        5
 Conjure Ball Lightning   Conj/Air       0%         3x3d6     100%        6
 Death Channel            Necr           0%         N/A       100%        6
 Dispersal                Tloc           0%         N/A       100%        6
 Iron Shot                Conj/Erth      0%         9d1       100%        6
 Plasma Beam              Fire/Air       1%         2x1d12    100%        6
 Starburst                Conj/Fire      1%         6d3       100%        6
 Statue Form              Tmut/Erth      0%         N/A       100%        6
 Enfeeble                 Hex            0%         N/A       100%        7
 Orb of Destruction       Conj           0%         9d5       100%        7
 Storm Form               Tmut/Air       0%         N/A       100%        7
 Lehudib's Crystal Spear  Conj/Erth      0%         10d2      100%        8
 Maxwell's Capacitive Co  Air            0%         ∞         100%        8

Inventory:

Hand Weapons
 a - the +3 triple sword of Kenran's Slow Death (weapon) {freeze, rC+ Will++ Str+2 Int+3, rare}
   (You acquired it on level 2 of the Lair of Beasts)

   Str:       It affects your strength (+2).
   Int:       It affects your intelligence (+3).
   rC:        It protects you from cold.
   Will:      It greatly increases your willpower.
 N - the +11 plutonium sword {Contam Stlth-}
   (You acquired it on level 2 of the Lair of Beasts)

   Contam:    It causes magical contamination when unequipped.
   Stlth:     It makes you less stealthy.
 X - the +9 sword of Power {lifebolt}
   (You found it on level 1 of the Vaults)
Missiles
 A - 5 throwing nets {=f!f}
Armour
 d - the +0 cloak of the Enchanted Forest (worn) {Fly Dex+3}
   (You bought it in a shop on level 3 of the Vaults)

   Dex:       It affects your dexterity (+3).
   Fly:       It grants you flight.
 j - a +2 pair of boots of stealth (worn)
   (You found it on level 1 of the Snake Pit)
 B - +4 storm dragon scales (worn) {rare}
   (You found it on level 14 of the Dungeon)
 I - a +2 hat of willpower (worn)
   (You found it on level 8 of the Dungeon)
 S - the +1 pair of gloves of Levity (worn) {Slay+2}
   (You bought it in a shop on level 3 of the Vaults)

   Slay:      It affects your accuracy & damage with ranged weapons and melee
   (+2).
Jewellery
 g - an amulet of regeneration (around neck)
   (You found it on level 4 of the Snake Pit)
 v - a ring of see invisible
   (You found it on level 6 of the Dungeon)
 w - the ring "Vighaon" {rPois AC+4}
   (You bought it in a shop on level 3 of the Vaults)

   [ring of protection]

   AC:        It affects your AC (+4).
   rPois:     It protects you from poison.
 C - a ring of protection from cold
   (You took it off a naga mage on level 2 of the Depths)
 E - a +5 ring of evasion (left hand)
   (You found it on level 13 of the Dungeon)
 F - a ring of protection from fire
   (You found it on level 1 of the Dungeon)
 R - a ring of resist corrosion (right hand)
   (You bought it in a shop on level 3 of the Vaults)
 U - a ring of the Octopus King {rC+ HP+2 AC+2 EV+2 SH+2}
   (You bought it in a shop on level 3 of the Vaults)

   [ring of protection from cold]

   AC:        It affects your AC (+2).
   EV:        It affects your evasion (+2).
   rC:        It protects you from cold.
   HP:        It affects your health (+2).
   SH:        It affects your SH (+2).
Wands
 k - a wand of digging (28)
   (You took it off Duvessa on level 6 of the Dungeon)
 r - a wand of roots (48)
   (You found it on level 3 of the Dungeon)
 x - a wand of light (14)
   (You took it off Ijyb on level 5 of the Dungeon)
 y - a wand of polymorph (35)
   (You took it off Grum on level 10 of the Dungeon)
 z - a wand of flame (93)
   (You found it on level 8 of the Dungeon)
 H - a wand of paralysis (47)
   (You found it on level 8 of the Dungeon)
 P - a wand of mindburst (29)
   (You found it on level 10 of the Dungeon)
Scrolls
 f - 4 scrolls of immolation {!r!r}
 m - 4 scrolls of poison {!r}
 n - 10 scrolls of fear
 o - 4 scrolls of blinking {!r}
 s - 4 scrolls of magic mapping {!r}
 G - 6 scrolls of teleportation {@r4}
 K - 6 scrolls of fog
 Q - 10 scrolls of summoning
 W - 2 scrolls of silence {!r}
Potions
 c - 4 potions of ambrosia
 e - 2 potions of resistance
 h - 9 potions of flight
 i - 8 potions of lignification {!q}
 l - 3 potions of cancellation
 p - 2 potions of haste {@q3}
 q - 8 potions of curing {@q1}
 t - 7 potions of might
 D - a potion of invisibility
 J - 4 potions of attraction {!q}
 M - 5 potions of brilliance
 T - 8 potions of mutation {!q}
Miscellaneous
 u - a phantom mirror
   (You found it on level 14 of the Dungeon)
 L - a condenser vane (inert)
   (You found it on level 9 of the Dungeon)
 O - a lightning rod (4/4)
   (You found it on level 3 of the Swamp)
 V - a box of beasts
   (You found it on level 2 of the Swamp)
 Z - a phial of floods
   (You found it on level 11 of the Dungeon)

Dungeon Overview and Level Annotations

Branches:
Dungeon (15/15) Zot: 24232  Temple (0/1) D:4            Lair (5/5) D:10 Zot: 21900
  Swamp (4/4) Lair:3 Zot: 17837   Snake (4/4) Lair:3 Zot: 15001   Slime (5/5) Lair:4 Zot: 26573
    Orc (2/2) D:12 Zot: 9944     Elf (2/3) Orc:2 Zot: 9814  Vaults (4/5) D:14 Zot: 16559
  Crypt (0/3) Vaults:2     Depths (3/4) D:15 Zot: 20856   IceCv (visited)

Altars:
Ashenzari
Dithmenos
Fedhas
Kikubaaqudgha
Makhleb
Okawaru
Ru
Sif Muna
Trog
Uskayaw
Vehumet
Xom
Yredelemnul
Jiyva

Shops:
D:8 :   Orc:2 [(=*   Elf:1 [   Elf:2 *   Vaults:1 ?   Vaults:3 [=[

Portals:
Hell: Depths:1 Depths:2
Pandemonium: Depths:1 Depths:2 Depths:4
Ziggurat: Depths:1
Trove: D:13 (give 7 scrolls of fear)

Annotations:
D:5 1 runed translucent door, Crazy Yiuf
Lair:1 exclusion: downstairs
Lair:4 exclusion: 2 downstairs
Swamp:1 exclusion: downstairs
Swamp:3 1 runed translucent door, Buem's ghost, adept OgHs
Snake:2 exclusion: downstairs
Snake:3 Bai Suzhen
Slime:4 exclusion: upstairs
Slime:5 Royal Jelly
Orc:1 exclusion: downstairs
Orc:2 3 runed translucent doors, happy's ghost, journeyman TeRe
Elf:2 3 runed translucent doors
Vaults:2 exclusion: downstairs
Vaults:3 exclusion: downstairs
Vaults:4 1 runed translucent door, seandewar5's ghost, adept TrBe

......................
......................
.....................#
.............(.#####.
..................# .
.#................# ..
.#...........#.#..# ..#
.#................# ...#
.#...........#.#@.# .D..#
.#................#......
.+...............C.#
.#................/#
........#........#.#
........#........+.#
..........#+#..:.###
..................
#++##............


You could see a fire giant.


Message History

You hear a shout! 😕 HP[-11]
You take 11 damage, and now have 196/207 hp.
You slash the golden dragon! You freeze the golden dragon.
You are engulfed in poison gas.
You are more poisoned.
You feel very sick. The golden dragon misses you. You furiously retaliate!
You headbutt the golden dragon!
The golden dragon claws you but does no damage.
The golden dragon tramples you but does no damage. 😕 HP[-9]
You take 9 damage, and now have 187/207 hp.
Unknown command.
You slice the golden dragon!! You freeze the golden dragon.
You are engulfed in poison gas.
You are more poisoned.
You feel extremely sick. 😕 HP[-10]
You take 10 damage, and now have 177/207 hp.
Unknown command.
Unknown command.
You barely miss the golden dragon.
You are engulfed in poison gas.
You are more poisoned.
You feel extremely sick. The golden dragon misses you.
The golden dragon claws you but does no damage.
The golden dragon misses you. 😕 HP[-9]
You take 9 damage, and now have 168/207 hp.
Unknown command.
You hit the golden dragon.
You are engulfed in poison gas.
You are more poisoned.
You feel extremely sick. The golden dragon misses you. You furiously retaliate!
You headbutt the golden dragon.
The golden dragon claws you but does no damage.
The golden dragon misses you. 😕 HP[-7]
You take 7 damage, and now have 161/207 hp.
You slash the golden dragon! You freeze the golden dragon.
You are engulfed in poison gas.
You are more poisoned.
You feel extremely sick. 😮 HP[-13]
You take 13 damage, and now have 148/207 hp.
You are too injured to fight recklessly!
Unknown command.
You are too injured to fight recklessly!
You are too injured to fight recklessly!
Unknown command.
You barely miss the golden dragon.
You headbutt the golden dragon, but do no damage.
You are engulfed in poison gas.
You are more poisoned.
You feel extremely sick.
The golden dragon bites you but does no damage.
The golden dragon claws you.
The golden dragon completely misses you. 😮 HP[-13]
You take 13 damage, and now have 135/207 hp.
You barely miss the golden dragon.
You headbutt the golden dragon, but do no damage.
You are engulfed in poison gas.
You are more poisoned.
You feel extremely sick. The golden dragon bites you!!
The golden dragon claws you but does no damage.
The golden dragon tramples you.
* * * LOW HITPOINT WARNING * * *
You are shoved backwards! 😨 HP[-35]
You take 35 damage, and now have 100/207 hp.
You completely miss the golden dragon. You headbutt the golden dragon!
You feel extremely sick. 😨 HP[-9]
You take 9 damage, and now have 91/207 hp.
Unknown command.
You hit the golden dragon but do no damage.
You feel extremely sick.
A fire giant comes into view.
It is wielding a +0 great sword of flaming.
The golden dragon barely misses you. You furiously retaliate!
You headbutt the golden dragon! The golden dragon claws you.
* * * LOW HITPOINT WARNING * * *
The golden dragon tramples you but does no damage. 😨 HP[-10]
You take 10 damage, and now have 81/207 hp.
Unknown command.
You feel better. The golden dragon breathes fire at you.
The bolt of fire hits you!!
* * * LOW HITPOINT WARNING * * *
😨 HP[-29]
You take 29 damage, and now have 52/207 hp.
Unknown command.
You slice the golden dragon!! You freeze the golden dragon.
You kill the golden dragon!
The fire giant points at you and mumbles some strange words.
The bolt of fire hits you!!!
You die...

Skill      XL: |  1  2  3  4  5  6  7  8  9 10 11 12 13 14 15 16 17 18 19 20 21 |
---------------+----------------------------------------------------------------+-----
Long Blades    | 4 5 6 8 9 10 12 14 18 20 22 | 22.0
Fighting       | 5 8 10 12 14 16 18 19 20 22 | 22.0
Evocations     | 2 4 5 6 9 12 13 14 15 16 | 16.0
Armour         | 6 9 12 13 14 15 16 17 18 20 22 | 22.0
Dodging        | 1 4 6 9 11 13 15 16 20 | 20.2
Shields        | 4 |  4.8
Spellcasting   | |  1.0
Fire Magic     | |  2.1

Action                     |  1- 3 |  4- 6 |  7- 9 | 10-12 | 13-15 | 16-18 | 19-21 || total
---------------------------+-------+-------+-------+-------+-------+-------+-------++-------
  Melee: Falchion          |    94 |   180 |   415 |    75 |       |       |       ||   764
         Headbutt          |    15 |    20 |    79 |   176 |   322 |   460 |   545 ||  1617
         Punch             |       |     1 |     1 |     8 |       |     1 |       ||    11
         Scimitar          |       |       |       |   578 |   491 |   105 |       ||  1174
         Unarmed           |       |       |       |     3 |       |       |       ||     3
         Triple sword      |       |       |       |       |   816 |  1544 |  1810 ||  4170
 Invoke: Fiery Armour      |       |     1 |     3 |     2 |     4 |       |       ||    10
         Foxfire Swarm     |       |       |     2 |       |       |       |       ||     2
  Evoke: Wand              |       |     4 |     2 |     6 |     3 |    15 |    12 ||    42
         Phantom mirror    |       |       |       |       |     1 |     2 |     1 ||     4
         Box of beasts     |       |       |       |       |       |     2 |     3 ||     5
         Condenser vane    |       |       |       |       |       |     3 |     6 ||     9
         Phial of floods   |       |       |       |       |       |     1 |       ||     1
    Use: Scroll            |       |     3 |     3 |     8 |    12 |     9 |    13 ||    48
         Potion            |       |       |     2 |     6 |     6 |     6 |    12 ||    32
   Stab: Paralysed         |       |       |       |     9 |     2 |    17 |       ||    28
         Invisible         |       |       |       |     3 |       |       |     7 ||    10
         Distracted        |       |       |       |       |       |     2 |     1 ||     3
 Armour: Leather armour    |     5 |       |       |       |       |       |       ||     5
         Chain mail        |    55 |   121 |   168 |       |       |       |       ||   344
         Plate armour      |       |       |    51 |   314 |   551 |   949 |   513 ||  2378
         Skin              |       |       |       |     9 |       |       |       ||     9
         Storm dragon scal |       |       |       |       |       |       |   380 ||   380
  Dodge: Dodged            |    32 |    65 |   120 |   183 |   527 |  1025 |  1344 ||  3296
  Block: Kite shield       |       |       |       |    65 |    35 |       |       ||   100
         Buckler           |       |       |       |       |   201 |       |       ||   201
         Other             |       |       |       |       |   150 |   278 |       ||   428
         Reflection        |       |       |       |       |    19 |    14 |       ||    33

Levels and vault maps discovered:
D:1:      minmay_arrival_diagonal_passages, layout_loops_cross,
          columned_hall_lemuel
D:2:      layout_basic, basic_altar
D:3:      minmay_goblin_kobold_castle, layout_loops_ring,
          mainiacjoe_overflow_paths, uniq_jessica
D:4:      layout_cave_pods, minmay_temple_entry_junction, uniq_natasha
D:5:      cheibrodos_thug_alley, layout_loops_ring, makhleb_blood_cavern_becter,
          mainiacjoe_overflow_brackets, portal_sewer_entry_b, uniq_ijyb,
          uniq_eustachio, uniq_crazy_yiuf_cottage
D:6:      layout_loops_ring, uniq_duvessa, uniq_prince_ribbit1
D:7:      layout_gridville, grunt_temple_overflow_magic_moments, uniq_menkaure
D:8:      layout_loops_corners, serial_shops, nicolae_shop_back_alley_shop,
          uniq_maurice, uniq_erica, uniq_psyche
D:9:      layout_loops_ring
D:10:     layout_grid_maze, mainiacjoe_overflow_big_doors, lemuel_doored_altar,
          dpeg_lair_monsters, uniq_grum, uniq_josephine
D:11:     layout_layer_cave, serial_demonic, serial_demonic_a, serial_demonic_b,
          serial_demonic_d, serial_demonic_e, dk_vineyard_2, fedhas_altar_3
D:12:     layout_rooms, minmay_orc_entry_guard_dogs, serial_bayou,
          serial_bayou_pond_a, serial_bayou_shore_b, serial_bayou_ford_a,
          serial_bayou_pond_d
D:13:     layout_roguey, enter_trove_3, grunt_ministairs_5, nzn_life_drinkers
D:14:     layout_rooms, david_vaults_1, minmay_radiant
D:15:     hangedman_depths_entry_civil_slaughter, layout_basic, uniq_azrael
Lair:1:   layout_cave_pods, infiniplex_staircase_pool_2, serial_bayou_shore_b
Lair:2:   layout_cave_pods, minmay_shattered_shrine, uniq_gastronok
Lair:3:   layout_regular_city, palyth_hydra_swamp_entry, grunt_megastairs_3,
          uniq_rupert, uniq_nergalle, uniq_sonja
Lair:4:   layout_regular_city, nicolae_slime_entry_field_trip,
          chequers_serial_rivers_large_b
Lair:5:   cheibrodos_lair_end_hotspot, layout_misc_corridors
Swamp:1:  layout_falls_marsh, basic_altar
Swamp:2:  layout_falls_marsh, evilmike_swamp_ruin_house_2
Swamp:3:  layout_basic_swamp, ebering_ghost_reflecting_pool,
          nicolae_swamp_ascending_descending, infiniplex_staircase_pool
Swamp:4:  swamp_old_school, layout_basic_swamp
Snake:1:  layout_chambers, grunt_megastairs_1, uniq_donald
Snake:2:  layout_misc_corridors
Snake:3:  layout_chambers, nicolae_snake_salamander_jacuzzi, uniq_roxanne,
          uniq_bai_suzhen
Snake:4:  grunt_snake_rune_serpentine_throne, layout_onion_interference,
          portal_ice_cave_entry_frozen_things, nicolae_snake_omega
Slime:1:  layout_caves
Slime:2:  layout_caves
Slime:3:  nicolae_slime_jelly_donut, layout_caves
Slime:4:  layout_caves
Slime:5
Orc:1:    layout_caves, special_room [special_room_orc]
Orc:2:    grunt_orc_cross, layout_caves, basic_altar, biasface_ghost_orc_armoury
Elf:1:    layout_onion_city, serial_shops, shop, hangedman_glass_teeth,
          minivault_26, grunt_ministairs_14
Elf:2:    nicolae_elf_blades_crystal_corner, layout_geoelf_octagon,
          portal_desolation_entry_nicolae_slug, serial_shops,
          nicolae_shop_window_shopping, uniq_zenata
Vaults:1: v_misc_27, nicolae_vaults_little_squares_1,
          nicolae_vaults_ninety_degrees, nicolae_vaults_shipping_containers_7,
          vaults_room_fours, nicolae_vaults_double_plus_2,
          ontoclasm_vaults_hangar, hangedman_vaults_cutoff,
          ontoclasm_vaults_decontamination, nicolae_vaults_apartment_1,
          layout_vaults_chaotic_city, serial_shops, nicolae_square_shop
Vaults:2: grunt_vaults_focal, nicolae_vaults_oval_intersection,
          nicolae_vaults_alarming, hangedman_vaults_hard_town_square, v_misc_13,
          minmay_crypt_entry_simple_round, vaults_room_corners,
          ontoclasm_vaults_loading_screen, v_misc_28, vaults_mumra_hex,
          grunt_vaults_twisty, v_misc_26, layout_vaults_omnibox
Vaults:3: v_misc_30, v_alt_pattern_4, nicolae_vaults_offset_grid_hallway_1,
          hangedman_vaults_hat, ontoclasm_vaults_spin, hangedman_vaults_trim,
          nicolae_vaults_heist, v_pattern_2, nicolae_vaults_rhombus_7,
          nicolae_vaults_surprise_closet_hard, ontoclasm_vaults_idyll,
          vaults_mumra_chevron_long, nicolae_vaults_lightning_bolt,
          layout_vaults_maze_snakey, serial_shops, nicolae_shop_mannequins,
          nicolae_shop_stone, shop
Vaults:4: ebering_ghost_xom, nicolae_vaults_border_crossing,
          nicolae_vaults_sightless_eye, nicolae_vaults_trapezoid_2,
          nicolae_vaults_yaktaur_gun_rack, nicolae_vaults_inception_scallops,
          vaults_dpeg_encased_lava, nicolae_vaults_tetromino_Z_1,
          nicolae_vaults_double_plus_1, layout_vaults_quadrants
Depths:1: layout_gridlike, enter_ziggurat_f, hell_entry, pan_entry,
          grunt_ministairs_15, kennysheep_okawaru_gauntlet,
          kennysheep_cross_landing
Depths:2: cheibrodos_poisonous_passages, layout_gridlike, pan_entry,
          grunt_mini_vestibule, serial_bayou, serial_bayou_lagoon_a,
          serial_bayou_crossing, serial_bayou_pond_e, serial_bayou_pond_d,
          minmay_misc_feat_nine_boxes
Depths:3: minmay_octagon_city, layout_gridlike, abyss_entry,
          serial_sigils_hangedman_writhe, hell_entry,
          minmay_staircase_windowed_small
Depths:4: grunt_zot_entry_gee_three, layout_basic, glass_columns_a,
          rand_demon_pan_entry_5, hell_entry, minmay_shop_grid_forest,
          nicolae_gozag_seed_capital

Notes
Turn   | Place    | Note
-------+----------+-------------------------------------------
     0 | D:1      | Kenran the Minotaur Cinder Acolyte began the quest for the
                  | Orb.
     0 | D:1      | Reached XP level 1. HP: 19/19 MP: 1/1
     0 | D:1      | magus.rc [v1.11.6]
   235 | D:1      | Reached skill level 4 in Long Blades
   264 | D:1      | Reached XP level 2. HP: 23/26 MP: 2/2
   577 | D:1      | Reached skill level 5 in Long Blades
   714 | D:2      | Reached XP level 3. HP: 28/31 MP: 3/3
  1213 | D:2      | Reached skill level 6 in Long Blades
  1213 | D:2      | Reached XP level 4. HP: 38/39 MP: 4/4
  1226 | D:2      | Found a shimmering blue altar of Sif Muna.
  1928 | D:3      | Found a shimmering altar of Xom.
  2313 | D:3      | Noticed Jessica
  2324 | D:3      | Killed Jessica
  2325 | D:3      | Noticed a kobold brigand
  2348 | D:3      | Reached XP level 5. HP: 45/45 MP: 5/5
  2350 | D:3      | Reached skill level 7 in Long Blades
  2475 | D:3      | Reached skill level 8 in Long Blades
  2526 | D:3      | Reached XP level 6. HP: 45/51 MP: 6/6
  2623 | D:3      | Reached skill level 9 in Long Blades
  3002 | D:4      | Noticed Natasha
  3008 | D:4      | Reached XP level 7. HP: 39/57 MP: 7/7
  3014 | D:4      | Killed Natasha
  3015 | D:4      | Reached skill level 10 in Long Blades
  3025 | D:4      | Noticed Natasha
  3037 | D:4      | HP: 13/58 [Natasha (3)]
  3038 | D:4      | Killed Natasha
  3215 | D:4      | Found a staircase to the Ecumenical Temple.
  3231 | D:4      | Reached skill level 4 in Fighting
  3318 | D:4      | Noticed Natasha
  3322 | D:4      | Reached skill level 5 in Fighting
  3325 | D:4      | Killed Natasha
  3508 | D:4      | Reached skill level 1 in Evocations
  3612 | D:4      | Reached skill level 2 in Evocations
  4170 | D:5      | Entered Level 5 of the Dungeon
  4188 | D:5      | Reached XP level 8. HP: 44/68 MP: 8/8
  4197 | D:5      | Noticed a two-headed ogre
  4403 | D:5      | Reached skill level 11 in Long Blades
  4440 | D:5      | You add the spells Animate Armour, Blade Hands and Iron
                  | Shot to your library.
  4444 | D:5      | Found a broken altar of Ashenzari.
  4444 | D:5      | Noticed Eustachio
  4480 | D:5      | Killed Eustachio
  4550 | D:5      | Killed a two-headed ogre
  4551 | D:5      | Reached skill level 12 in Long Blades
  4551 | D:5      | Reached skill level 4 in Armour
  4551 | D:5      | Reached skill level 6 in Armour
  4707 | D:5      | Noticed Ijyb
  4734 | D:5      | Killed Ijyb
  4755 | D:5      | Reached skill level 1 in Dodging
  4755 | D:5      | Reached XP level 9. HP: 31/74 MP: 9/9
  4829 | D:5      | HP: 14/68 [kobold brigand/+0 dagger of speed (5)]
  4831 | D:5      | Reached skill level 2 in Dodging
  4840 | D:5      | You add the spells Passage of Golubria, Silence and
                  | Lehudib's Crystal Spear to your library.
  4842 | D:5      | You add the spells Petrify, Metabolic Englaciation and
                  | Statue Form to your library.
  4844 | D:5      | You add the spells Magic Dart, Call Imp and Mephitic Cloud
                  | to your library.
  5248 | D:5      | Found a burning altar of Makhleb.
  5365 | D:5      | Found a runed translucent door.
  5366 | D:5      | Noticed Crazy Yiuf
  5597 | D:6      | Reached skill level 6 in Fighting
  5629 | D:6      | Reached skill level 3 in Dodging
  5841 | D:6      | Reached skill level 7 in Fighting
  5841 | D:6      | Reached skill level 4 in Dodging
  5921 | D:6      | Identified the +4 plate armour of Integrity {Dex+2}
  5967 | D:6      | Noticed Prince Ribbit
  5987 | D:6      | Killed Prince Ribbit
  6055 | D:6      | Noticed Duvessa
  6055 | D:6      | Noticed Dowan
  6064 | D:6      | Killed Duvessa
  6065 | D:6      | Killed Dowan
  6088 | D:6      | Reached skill level 3 in Evocations
  6350 | D:7      | Noticed Menkaure
  6376 | D:7      | Killed Menkaure
  6530 | D:7      | Reached skill level 8 in Fighting
  6615 | D:7      | HP: 13/81 [orc warrior/+0 mace (10)]
  6841 | D:7      | magus.rc [v1.11.6]
  6864 | D:7      | Found a shimmering blue altar of Sif Muna.
  6864 | D:7      | Found an ancient bone altar of Kikubaaqudgha.
  6866 | D:7      | Found a radiant altar of Vehumet.
  6871 | D:7      | You add the spell Sting to your library.
  6871 | D:7      | Got Sif Muna's Atlas of the Switch
  7056 | D:7      | Reached skill level 4 in Evocations
  7056 | D:7      | Reached XP level 10. HP: 86/88 MP: 10/10
  7127 | D:8      | Noticed Psyche
  7143 | D:7      | Reached skill level 13 in Long Blades
  7206 | D:8      | You are cast into the Abyss!
  7206 | Abyss:2  | Cast into level 2 of the Abyss (Psyche)
  7254 | D:8      | You pass through the gate.
  7254 | D:8      | Escaped the Abyss
  7264 | D:8      | Killed Psyche
  7540 | D:8      | Noticed Maurice
  7552 | D:8      | Killed Maurice
  7560 | D:8      | Found Kifuet's Book Shoppe.
  7685 | D:8      | Reached skill level 14 in Long Blades
  7808 | D:8      | Noticed Erica
  7827 | D:8      | Killed Erica
  7828 | D:8      | Reached skill level 7 in Armour
  8011 | D:8      | Reached skill level 9 in Fighting
  8070 | D:8      | You add the spells Gell's Gravitas, Teleport Other and
                  | Dispersal to your library.
  8120 | D:8      | Reached skill level 8 in Armour
  8539 | D:9      | Paralysed by a hornet for 1 turns
  8542 | D:9      | Paralysed by a hornet for 3 turns
  8555 | D:9      | HP: 19/93 [hornet (9)]
  8560 | D:9      | HP: 13/93 [poisoned by a hornet]
  8864 | D:9      | Reached skill level 10 in Fighting
  8926 | D:9      | Reached skill level 9 in Armour
  9070 | D:9      | Reached XP level 11. HP: 80/99 MP: 11/11
  9243 | D:9      | Reached skill level 10 in Armour
  9626 | D:10     | Entered Level 10 of the Dungeon
 10160 | D:10     | Noticed a death yak
 10219 | D:9      | Killed a death yak
 10290 | D:10     | Noticed a death yak
 10290 | D:10     | Noticed a death yak
 10320 | D:9      | Killed a death yak
 10321 | D:9      | Reached skill level 5 in Evocations
 10364 | D:10     | Noticed a death yak
 10365 | D:10     | Noticed a death yak
 10395 | D:9      | Killed a death yak
 10396 | D:9      | Reached skill level 11 in Fighting
 10445 | D:9      | Killed a death yak
 10514 | D:10     | Killed a death yak
 10515 | D:10     | Reached skill level 12 in Fighting
 10686 | D:10     | Reached skill level 5 in Dodging
 10690 | D:10     | Found a shadowy altar of Dithmenos.
 10690 | D:10     | Noticed Josephine
 10864 | D:10     | Found a staircase to the Lair.
 10935 | D:10     | Found a sacrificial altar of Ru.
 10947 | D:10     | Found a basalt altar of Yredelemnul.
 10981 | D:10     | Noticed Grum
 10996 | D:10     | Reached skill level 6 in Dodging
 11005 | D:10     | Killed Grum
 11009 | D:10     | Noticed a two-headed ogre
 11016 | D:10     | Killed a two-headed ogre
 11150 | D:10     | You add the spells Volatile Blastmotes, Fulminant Prism,
                  | Iskenderun's Mystic Blast and Lee's Rapid Deconstruction to
                  | your library.
 11232 | D:10     | Found a basalt altar of Yredelemnul.
 11233 | D:10     | Found a sacrificial altar of Ru.
 11239 | D:10     | Reached skill level 11 in Armour
 11303 | D:10     | Found a staircase to the Lair.
 11329 | D:10     | Found a shadowy altar of Dithmenos.
 11453 | D:10     | Killed Josephine
 12132 | Lair:1   | Entered Level 1 of the Lair of Beasts
 12314 | Lair:1   | Reached skill level 12 in Armour
 12329 | Lair:1   | Reached XP level 12. HP: 110/112 MP: 12/12
 13071 | Lair:2   | Noticed Gastronok
 13109 | Lair:2   | Reached skill level 7 in Dodging
 13304 | Lair:2   | You fall into a shaft and drop 1 floor!
 13398 | Lair:3   | Noticed Rupert
 13409 | Lair:3   | Killed Rupert
 13410 | Lair:3   | Reached skill level 8 in Dodging
 13487 | Lair:3   | Identified the ring of the Wild Haggis {Wiz +Blink rPois
                  | Int+5 Dex-4}
 13555 | Lair:2   | Reached skill level 9 in Dodging
 13923 | Lair:2   | You add the spells Call Canine Familiar, Portal Projectile
                  | and Leda's Liquefaction to your library.
 14033 | Lair:2   | Reached skill level 6 in Evocations
 14142 | Lair:2   | Reached skill level 13 in Fighting
 14231 | Lair:2   | You add the spells Ensorcelled Hibernation, Spider Form and
                  | Anguish to your library.
 14473 | Lair:2   | Reached skill level 1 in Shields
 14641 | Lair:2   | Identified 2 scrolls of acquirement
 14673 | Lair:2   | Acquired the +3 triple sword of Kenran's Slow Death
                  | {freeze, rC+ Will++ Str+2 Int+3}
 14676 | Lair:2   | V - the +3 triple sword of Kenran's Slow Death {freeze, rC+
                  | Will++ Str+2 Int+3, rare}
 14677 | Lair:2   | Acquired the +11 plutonium sword {Contam Stlth-}
 14677 | Lair:2   | Found the +11 plutonium sword {Contam Stlth-}
 14693 | Lair:2   | Reached skill level 2 in Shields
 14828 | Lair:2   | Reached skill level 14 in Fighting
 14828 | Lair:2   | Reached skill level 3 in Shields
 15141 | Lair:2   | Killed Gastronok
 15142 | Lair:2   | Reached skill level 4 in Shields
 15217 | Lair:3   | Noticed a seven-headed hydra
 15231 | Lair:3   | Killed a two-headed hydra
 15330 | Lair:3   | Noticed an eight-headed hydra
 15337 | Lair:3   | Killed a four-headed hydra
 15338 | Lair:3   | Reached XP level 13. HP: 75/124 MP: 7/13
 15498 | Lair:3   | Found a staircase to the Swamp.
 15544 | Lair:3   | Noticed Sonja
 15552 | Lair:3   | Killed Sonja
 15587 | Lair:3   | Reached skill level 15 in Long Blades
 15607 | Lair:3   | Found a staircase to the Snake Pit.
 15628 | Lair:3   | You add the spell Enfeeble to your library.
 15863 | Lair:3   | Noticed Nergalle
 15888 | Lair:3   | Killed Nergalle
 16428 | Lair:4   | You add the spell Stone Arrow to your library.
 16442 | Lair:4   | You add the spells Vhi's Electric Charge, Arcjolt and
                  | Maxwell's Capacitive Coupling to your library.
 16458 | Lair:4   | Identified the +6 buckler "Ijach" {Dex+3}
 16825 | Lair:4   | Found a staircase to the Slime Pits.
 16856 | Lair:4   | Reached skill level 16 in Long Blades
 17435 | Lair:5   | Entered Level 5 of the Lair of Beasts
 17686 | Lair:5   | Reached skill level 17 in Long Blades
 17954 | Lair:5   | Reached skill level 18 in Long Blades
 18214 | Lair:5   | Found a large runed translucent door.
 18215 | Lair:5   | Found a large runed translucent door.
 18266 | Lair:5   | Noticed a fire dragon
 18563 | Lair:5   | Reached skill level 13 in Armour
 18689 | Lair:5   | Reached XP level 14. HP: 121/132 MP: 14/14
 18736 | Lair:5   | Reached skill level 14 in Armour
 19122 | Lair:5   | the +3 triple sword of Kenran's Slow Death {freeze, rC+
                  | Will++ Str+2 Int+3, rare} glows with a cold blue light!
 19122 | Lair:5   | V - the +3 triple sword of Kenran's Slow Death (weapon)
                  | {freeze, rC+ Will++ Str+2 Int+3, rare}
 19123 | Lair:5   | Your damage rating with the +3 triple sword of Kenran's
                  | Slow Death {freeze, rC+ Will++ Str+2 Int+3, rare} is about
                  | 38 (Base 19 x 112% (Dex) x 167% (Skill) + 3 (Ench)).
 20660 | D:11     | Found a blossoming altar of Fedhas.
 21015 | D:11     | Reached skill level 15 in Fighting
 22248 | D:12     | Found a staircase to the Orcish Mines.
 22382 | D:13     | Identified the +5 short sword "Kulepn" {spect, rC+ Will+
                  | Str+3}
 22646 | D:13     | Found a portal to a secret trove of treasure.
 22650 | D:13     | This trove needs 7 scrolls of fear to function. Give it the
                  | items?
 22681 | D:13     | Reached skill level 19 in Long Blades
 23425 | D:12     | Reached skill level 16 in Fighting
 23665 | D:14     | the +3 triple sword of Kenran's Slow Death {freeze, rC+
                  | Will++ Str+2 Int+3, rare} stops glowing.
 23670 | D:14     | the +3 triple sword of Kenran's Slow Death {freeze, rC+
                  | Will++ Str+2 Int+3, rare} glows with a cold blue light!
 23670 | D:14     | V - the +3 triple sword of Kenran's Slow Death (weapon)
                  | {freeze, rC+ Will++ Str+2 Int+3, rare}
 23801 | D:14     | Reached skill level 20 in Long Blades
 24068 | D:14     | Reached XP level 15. HP: 144/144 MP: 15/15
 24171 | D:14     | Your damage rating with the +3 triple sword of Kenran's
                  | Slow Death {freeze, rC+ Will++ Str+2 Int+3, rare} is about
                  | 41 (Base 19 x 112% (Dex) x 177% (Skill) + 3 (Ench)).
 24177 | D:14     | Noticed a storm dragon
 24192 | D:14     | Noticed a sphinx
 24194 | D:14     | Killed a storm dragon
 24211 | D:14     | Killed a sphinx
 24388 | D:14     | Noticed a frost giant
 24407 | D:14     | Killed a frost giant
 24578 | D:14     | Found a gate to the Vaults.
 24676 | D:15     | Entered Level 15 of the Dungeon
 24741 | D:15     | Reached skill level 21 in Long Blades
 25058 | D:15     | Reached skill level 22 in Long Blades
 25287 | D:15     | Found a staircase to the Depths.
 25294 | D:15     | You add the spells Shock, Swiftness and Airstrike to your
                  | library.
 25361 | D:15     | Reached skill level 10 in Dodging
 25570 | D:15     | Noticed Azrael
 25594 | D:15     | Killed Azrael
 26034 | Orc:1    | Entered Level 1 of the Orcish Mines
 26415 | Orc:1    | Reached skill level 11 in Dodging
 26735 | Orc:2    | Entered Level 2 of the Orcish Mines
 26907 | Orc:2    | Found a bloodstained altar of Trog.
 27414 | Orc:2    | Found a runed translucent gate.
 27414 | Orc:2    | Noticed happy's ghost (journeyman TeRe)
 27485 | Orc:2    | Reached skill level 15 in Armour
 27546 | Orc:2    | Found Jifovun's Jewellery Shoppe.
 27571 | Orc:2    | Found Eceschil's Antique Armour Shoppe.
 27657 | Orc:2    | Found Canug's General Store.
 27684 | Orc:2    | Found Opup's Antique Weapon Shoppe.
 27707 | Orc:2    | Found a staircase to the Elven Halls.
 27911 | Orc:2    | Found a runed translucent gate.
 27952 | Orc:2    | Found a runed translucent gate.
 28330 | Snake:1  | Entered Level 1 of the Snake Pit
 28340 | Snake:1  | Your damage rating with the +3 triple sword of Kenran's
                  | Slow Death {freeze, rC+ Will++ Str+2 Int+3, rare} is about
                  | 41 (Base 19 x 112% (Dex) x 182% (Skill) + 3 (Ench)).
 28364 | Snake:1  | Noticed Donald
 28381 | Snake:1  | Killed Donald
 28383 | Snake:1  | a +0 double sword {rare}; a +0 plate armour
 28440 | Snake:1  | Identified the +2 pair of boots "Anooc" {+Inv Fly rC-}
 28562 | Snake:1  | HP: 32/144 [shock serpent/bolt of electricity (20)]
 29098 | Snake:1  | Reached XP level 16. HP: 138/151 MP: 16/16
 29447 | Snake:1  | Reached skill level 16 in Armour
 29543 | Snake:1  | Upgraded the game from 0.30.0 to 0.30.0-2-g1aa4bd4387
 29543 | Snake:1  | magus.rc [v1.11.6]
 30562 | Snake:2  | Reached skill level 7 in Evocations
 31059 | Snake:2  | Reached skill level 17 in Fighting
 31613 | Snake:2  | Reached skill level 8 in Evocations
 32121 | Snake:3  | You add the spells Animate Dead, Borgnjor's Vile Clutch and
                  | Death Channel to your library.
 32634 | Snake:3  | Identified Roxanne's Omnibus of Oromancy
 32634 | Snake:3  | Noticed Roxanne
 32657 | Snake:3  | Killed Roxanne
 32908 | Snake:3  | You add the spell Passwall to your library.
 33243 | Snake:3  | Reached skill level 9 in Evocations
 33306 | Snake:3  | Noticed Bai Suzhen
 33490 | Swamp:1  | Entered Level 1 of the Swamp
 33639 | Swamp:1  | Reached skill level 18 in Fighting
 33956 | Lair:3   | the +3 triple sword of Kenran's Slow Death {freeze, rC+
                  | Will++ Str+2 Int+3, rare} stops glowing.
 34098 | Lair:3   | a - the +3 triple sword of Kenran's Slow Death {freeze, rC+
                  | Will++ Str+2 Int+3, rare}
 34098 | Lair:3   | the +3 triple sword of Kenran's Slow Death {freeze, rC+
                  | Will++ Str+2 Int+3, rare} glows with a cold blue light!
 34098 | Lair:3   | a - the +3 triple sword of Kenran's Slow Death (weapon)
                  | {freeze, rC+ Will++ Str+2 Int+3, rare}
 34467 | Swamp:1  | Found a hide-covered altar of Uskayaw.
 34961 | Swamp:1  | the +3 triple sword of Kenran's Slow Death {freeze, rC+
                  | Will++ Str+2 Int+3, rare} stops glowing.
 34966 | Swamp:1  | the +3 triple sword of Kenran's Slow Death {freeze, rC+
                  | Will++ Str+2 Int+3, rare} glows with a cold blue light!
 34966 | Swamp:1  | a - the +3 triple sword of Kenran's Slow Death (weapon)
                  | {freeze, rC+ Will++ Str+2 Int+3, rare}
 34974 | Swamp:1  | Reached XP level 17. HP: 119/163 MP: 17/17
 35134 | Swamp:1  | Reached skill level 12 in Dodging
 35497 | Swamp:1  | Reached skill level 10 in Evocations
 35762 | Swamp:2  | You add the spells Slow, Vampiric Draining and Confusing
                  | Touch to your library.
 36380 | Swamp:3  | the +3 triple sword of Kenran's Slow Death {freeze, rC+
                  | Will++ Str+2 Int+3, rare} stops glowing.
 36391 | Swamp:3  | the +3 triple sword of Kenran's Slow Death {freeze, rC+
                  | Will++ Str+2 Int+3, rare} glows with a cold blue light!
 36391 | Swamp:3  | a - the +3 triple sword of Kenran's Slow Death (weapon)
                  | {freeze, rC+ Will++ Str+2 Int+3, rare}
 36592 | Swamp:3  | the +3 triple sword of Kenran's Slow Death {freeze, rC+
                  | Will++ Str+2 Int+3, rare} stops glowing.
 36597 | Swamp:3  | the +3 triple sword of Kenran's Slow Death {freeze, rC+
                  | Will++ Str+2 Int+3, rare} glows with a cold blue light!
 36597 | Swamp:3  | a - the +3 triple sword of Kenran's Slow Death (weapon)
                  | {freeze, rC+ Will++ Str+2 Int+3, rare}
 36646 | Swamp:3  | Reached skill level 13 in Dodging
 36657 | Swamp:3  | HP: 34/163 [constriction (7)]
 36974 | Swamp:3  | Reached skill level 11 in Evocations
 37048 | Swamp:3  | You add the spells Blink, Manifold Assault and Storm Form
                  | to your library.
 37205 | Swamp:3  | Found a runed translucent door.
 37208 | Swamp:3  | Noticed Buem's ghost (adept OgHs)
 37364 | Swamp:3  | magus.rc [v1.11.6]
 37497 | Swamp:4  | Entered Level 4 of the Swamp
 37501 | Swamp:3  | the +3 triple sword of Kenran's Slow Death {freeze, rC+
                  | Will++ Str+2 Int+3, rare} stops glowing.
 37506 | Swamp:3  | the +3 triple sword of Kenran's Slow Death {freeze, rC+
                  | Will++ Str+2 Int+3, rare} glows with a cold blue light!
 37506 | Swamp:3  | a - the +3 triple sword of Kenran's Slow Death (weapon)
                  | {freeze, rC+ Will++ Str+2 Int+3, rare}
 37891 | Swamp:4  | the +3 triple sword of Kenran's Slow Death {freeze, rC+
                  | Will++ Str+2 Int+3, rare} stops glowing.
 37897 | Swamp:4  | the +3 triple sword of Kenran's Slow Death {freeze, rC+
                  | Will++ Str+2 Int+3, rare} glows with a cold blue light!
 37897 | Swamp:4  | a - the +3 triple sword of Kenran's Slow Death (weapon)
                  | {freeze, rC+ Will++ Str+2 Int+3, rare}
 37913 | Swamp:4  | the +3 triple sword of Kenran's Slow Death {freeze, rC+
                  | Will++ Str+2 Int+3, rare} stops glowing.
 37919 | Swamp:4  | the +3 triple sword of Kenran's Slow Death {freeze, rC+
                  | Will++ Str+2 Int+3, rare} glows with a cold blue light!
 37919 | Swamp:4  | a - the +3 triple sword of Kenran's Slow Death (weapon)
                  | {freeze, rC+ Will++ Str+2 Int+3, rare}
 38003 | Swamp:4  | the +3 triple sword of Kenran's Slow Death {freeze, rC+
                  | Will++ Str+2 Int+3, rare} stops glowing.
 38010 | Swamp:4  | the +3 triple sword of Kenran's Slow Death {freeze, rC+
                  | Will++ Str+2 Int+3, rare} glows with a cold blue light!
 38010 | Swamp:4  | a - the +3 triple sword of Kenran's Slow Death (weapon)
                  | {freeze, rC+ Will++ Str+2 Int+3, rare}
 38027 | Swamp:4  | Reached skill level 19 in Fighting
 38109 | Swamp:4  | the +3 triple sword of Kenran's Slow Death {freeze, rC+
                  | Will++ Str+2 Int+3, rare} stops glowing.
 38117 | Swamp:4  | the +3 triple sword of Kenran's Slow Death {freeze, rC+
                  | Will++ Str+2 Int+3, rare} glows with a cold blue light!
 38117 | Swamp:4  | a - the +3 triple sword of Kenran's Slow Death (weapon)
                  | {freeze, rC+ Will++ Str+2 Int+3, rare}
 38337 | Swamp:4  | the +3 triple sword of Kenran's Slow Death {freeze, rC+
                  | Will++ Str+2 Int+3, rare} stops glowing.
 38338 | Swamp:4  | magus.rc [v1.11.6]
 38343 | Swamp:4  | the +3 triple sword of Kenran's Slow Death {freeze, rC+
                  | Will++ Str+2 Int+3, rare} glows with a cold blue light!
 38343 | Swamp:4  | a - the +3 triple sword of Kenran's Slow Death (weapon)
                  | {freeze, rC+ Will++ Str+2 Int+3, rare}
 38435 | Swamp:4  | the +3 triple sword of Kenran's Slow Death {freeze, rC+
                  | Will++ Str+2 Int+3, rare} stops glowing.
 38444 | Swamp:4  | the +3 triple sword of Kenran's Slow Death {freeze, rC+
                  | Will++ Str+2 Int+3, rare} glows with a cold blue light!
 38444 | Swamp:4  | a - the +3 triple sword of Kenran's Slow Death (weapon)
                  | {freeze, rC+ Will++ Str+2 Int+3, rare}
 38670 | Swamp:4  | the +3 triple sword of Kenran's Slow Death {freeze, rC+
                  | Will++ Str+2 Int+3, rare} stops glowing.
 38787 | Swamp:4  | the +3 triple sword of Kenran's Slow Death {freeze, rC+
                  | Will++ Str+2 Int+3, rare} glows with a cold blue light!
 38787 | Swamp:4  | a - the +3 triple sword of Kenran's Slow Death (weapon)
                  | {freeze, rC+ Will++ Str+2 Int+3, rare}
 38801 | Swamp:4  | the +3 triple sword of Kenran's Slow Death {freeze, rC+
                  | Will++ Str+2 Int+3, rare} stops glowing.
 38812 | Swamp:4  | Noticed the 27-headed Lernaean hydra
 39141 | Swamp:3  | Killed the 16-headed Lernaean hydra
 39142 | Swamp:3  | Reached skill level 12 in Evocations
 39395 | Swamp:4  | the +3 triple sword of Kenran's Slow Death {freeze, rC+
                  | Will++ Str+2 Int+3, rare} glows with a cold blue light!
 39395 | Swamp:4  | a - the +3 triple sword of Kenran's Slow Death (weapon)
                  | {freeze, rC+ Will++ Str+2 Int+3, rare}
 39515 | Swamp:4  | the +3 triple sword of Kenran's Slow Death {freeze, rC+
                  | Will++ Str+2 Int+3, rare} stops glowing.
 39522 | Swamp:4  | the +3 triple sword of Kenran's Slow Death {freeze, rC+
                  | Will++ Str+2 Int+3, rare} glows with a cold blue light!
 39522 | Swamp:4  | a - the +3 triple sword of Kenran's Slow Death (weapon)
                  | {freeze, rC+ Will++ Str+2 Int+3, rare}
 39540 | Swamp:4  | Got a decaying rune of Zot
 40286 | Snake:4  | Entered Level 4 of the Snake Pit
 40300 | Snake:4  | Found a frozen archway.
 40314 | IceCv    | Entered an ice cave
 40822 | IceCv    | Reached skill level 17 in Armour
 41233 | IceCv    | Reached XP level 18. HP: 71/176 MP: 18/18
 41237 | IceCv    | HP: 24/176 [caustic shrike simulacrum (22)]
 41506 | IceCv    | You add the spells Hailstorm, Ozocubu's Armour and Freezing
                  | Cloud to your library.
 41506 | IceCv    | Got the Textbook on the Wendigo
 41956 | Snake:4  | Reached skill level 18 in Armour
 44338 | Snake:4  | Reached skill level 13 in Evocations
 44380 | Snake:4  | Reached skill level 20 in Fighting
 44671 | Snake:4  | Got a serpentine rune of Zot
 45041 | Snake:4  | You add the spell Ice Form to your library.
 45041 | Snake:4  | Got the Precepts of the White Cwm
 45572 | Vaults:1 | Entered Level 1 of the Vaults
 45901 | Vaults:1 | Found Eledd's Magic Scroll Shoppe.
 45911 | Vaults:1 | Bought a scroll of blinking for 165 gold pieces
 45928 | Vaults:1 | Found the +9 sword of Power {lifebolt}
 45935 | Vaults:1 | Reached skill level 14 in Dodging
 46154 | Vaults:1 | You add the spells Momentum Strike and Lesser Beckoning to
                  | your library.
 46432 | Vaults:1 | Reached skill level 15 in Dodging
 47001 | Vaults:2 | HP: 41/178 [deep troll[an ironbound preserver] (8)]
 47210 | Vaults:2 | Reached XP level 19. HP: 185/185 MP: 19/19
 47418 | Vaults:2 | Reached skill level 19 in Armour
 47504 | Vaults:2 | Found a staircase to the Crypt.
 48120 | Vaults:2 | HP: 41/185 [tengu reaver/+0 great sword (12)]
 48121 | Vaults:2 | Reached skill level 20 in Armour
 48156 | Vaults:1 | HP: 45/185 [lindwurm (11)]
 48537 | Vaults:2 | You add the spells Dazzling Flash, Sticky Flame and Cause
                  | Fear to your library.
 48537 | Vaults:2 | Got Sif Muna's Papyrus of Cursed Arson
 49218 | Vaults:3 | Identified a +0 crystal plate armour
 49218 | Vaults:3 | Identified +0 gold dragon scales
 49218 | Vaults:3 | Found Teinytig's Armour Shoppe.
 49339 | Vaults:3 | Reached skill level 21 in Fighting
 49660 | Vaults:3 | You fall into a shaft and drop 1 floor!
 49854 | Vaults:3 | Reached skill level 22 in Fighting
 50515 | Vaults:3 | Found Cemadosk's Armour Shoppe.
 50531 | Vaults:3 | Bought the +1 pair of gloves of Levity {Slay+2} for 273
                  | gold pieces
 50682 | Vaults:3 | Reached skill level 14 in Evocations
 50742 | Vaults:3 | Found Ystuu's Jewellery Shoppe.
 50780 | Vaults:3 | Bought a ring of the Octopus King {rC+ HP+2 AC+2 EV+2 SH+2}
                  | for 859 gold pieces
 50780 | Vaults:3 | Found the ring of the Octopus King {rC+ HP+2 AC+2 EV+2
                  | SH+2}
 51083 | Vaults:3 | Reached XP level 20. HP: 161/200 MP: 20/20
 51224 | Vaults:3 | HP: 45/198 [acid (8)]
 51582 | Vaults:4 | Reached skill level 15 in Evocations
 51662 | Vaults:4 | Found a runed translucent door.
 51662 | Vaults:4 | Found a shimmering altar of Xom.
 51662 | Vaults:4 | Identified the +4 rapier of Impish True Grit {chaos, rElec
                  | Str+4}
 51662 | Vaults:4 | Noticed seandewar5's ghost (adept TrBe)
 52775 | Vaults:4 | magus.rc [v1.11.6]
 53025 | Elf:1    | Entered Level 1 of the Elven Halls
 53365 | Elf:1    | Found Litoj's Antique Armour Shop.
 53379 | Elf:1    | Bought a distressingly furry cloak for 323 gold pieces
 53379 | Elf:1    | Identified the +1 cloak of Follow the Leader {rCorr Str+5
                  | Dex-3 Slay-6} (You bought it in a shop on level 1 of the
                  | Elven Halls)
 53519 | Elf:1    | Reached skill level 21 in Armour
 53608 | Elf:1    | You fall into a shaft and drop 1 floor!
 53692 | Elf:2    | HP: 43/190 [+2 vampiric glaive (13)]
 53694 | Elf:2    | HP: 8/190 [deep elf zephyrmancer/bolt of lightning (22)]
 53704 | Elf:2    | HP: 5/191 [deep elf zephyrmancer/bolt of lightning (34)]
 53714 | Elf:2    | HP: 38/191 [air elemental (7)]
 53752 | Elf:2    | Paralysed by an air elemental for 1 turns
 53849 | Elf:2    | Found a crumbling gateway.
 53953 | Elf:1    | Paralysed by an air elemental for 1 turns
 54546 | Elf:2    | Found Ricem's General Store.
 54892 | Elf:2    | Reached skill level 22 in Armour
 54960 | Elf:2    | Bought a potion of curing for 54 gold pieces
 54960 | Elf:2    | Bought a scroll of teleportation for 54 gold pieces
 55138 | Elf:2    | Identified the +2 leather armour of the Lair of Beasts
                  | {Str+4}
 55188 | Elf:2    | Found a runed translucent gate.
 55189 | Elf:2    | Found a runed translucent gate.
 55189 | Elf:2    | Found a runed translucent gate.
 55499 | Vaults:3 | Bought the +0 cloak of the Enchanted Forest {Fly Dex+3} for
                  | 218 gold pieces
 55619 | D:14     | +0 storm dragon scales {rare}; a ring of positive energy; a
                  | +0 buckler
 55619 | D:14     | B - +0 storm dragon scales {rare}
 55630 | D:14     | You finish putting on your +0 storm dragon scales {rare}.
 55681 | Depths:1 | Entered Level 1 of the Depths
 55977 | Vaults:3 | Bought a ring of resist corrosion for 280 gold pieces
 55977 | Vaults:3 | Bought the ring "Vighaon" {rPois AC+4} for 660 gold pieces
 56183 | Depths:1 | You add the spells Iskenderun's Battlesphere, Fireball,
                  | Conjure Ball Lightning and Orb of Destruction to your
                  | library.
 56427 | Depths:1 | Found an iron altar of Okawaru.
 56521 | Depths:1 | Found a one-way gate leading to the halls of Pandemonium.
 56590 | Depths:1 | Found a one-way gateway to a ziggurat.
 56802 | Depths:1 | Reached skill level 16 in Dodging
 56859 | Depths:1 | Reached XP level 21. HP: 207/207 MP: 21/21
 57019 | Depths:1 | Found a gateway to Hell.
 57605 | Slime:1  | Entered Level 1 of the Pits of Slime
 57628 | Lair:4   | Reached skill level 16 in Evocations
 58146 | Slime:2  | Reached skill level 17 in Dodging
 59104 | Slime:4  | Paralysed by a floating eye for 4 turns
 59123 | Slime:3  | Reached skill level 18 in Dodging
 59689 | Slime:5  | Entered Level 5 of the Pits of Slime
 59976 | Depths:2 | Identified the +7 rapier "Dragon's Undoing" {venom, Str+4}
 60187 | Depths:2 | Identified the +5 hand axe "Rineghan" {venom, *Corrode
                  | rElec rC+++ Int-4}
 60291 | Depths:2 | You add the spells Foxfire, Plasma Beam and Starburst to
                  | your library.
 60292 | Depths:2 | Identified the +9 rapier "Dyvoxt" {distort, rF+ Int+3}
 60617 | Depths:2 | Reached skill level 19 in Dodging
 60948 | Depths:2 | You are sucked into a shaft and drop 1 floor!
 61120 | Depths:1 | HP: 51/207 [flayed ghost/flay_damage (15)]
 61259 | Depths:2 | You add the spells Apportation and Alistair's Intoxication
                  | to your library.
 61498 | Depths:2 | your +0 storm dragon scales {rare} glow green for a moment.
 61499 | Depths:2 | your +1 storm dragon scales {rare} glow green for a moment.
 61662 | Vaults:1 | Bought a scroll of enchant armour for 165 gold pieces
 61662 | Vaults:1 | Bought a scroll of enchant armour for 165 gold pieces
 61664 | Vaults:1 | your +2 storm dragon scales {rare} glow green for a moment.
 61665 | Vaults:1 | your +3 storm dragon scales {rare} glow green for a moment.
 62186 | Slime:5  | Found a viscous altar of Jiyva.
 62284 | Slime:5  | Noticed the Royal Jelly
 62311 | Slime:4  | Reached skill level 20 in Dodging
 62362 | Slime:5  | Fell from the grace of Ignis
 62362 | Slime:5  | Became a worshipper of Jiyva Jocrel the Shapeless
 62753 | Depths:3 | You are sucked into a shaft and drop 1 floor!
 62753 | Depths:4 | Entered Level 4 of the Depths
 62919 | Depths:4 | Noticed a golden dragon
 62934 | Depths:4 | Killed a golden dragon
 62934 | Depths:4 | Killed from afar by a fire giant

Vanquished Creatures
  the Lernaean hydra (Swamp:3)
  A golden dragon (Depths:4)
  Rupert (Lair:3)
  3 liches (Depths:2)
  2 quicksilver dragons
  4 acid blobs
  A sphinx (D:14)
  Gastronok (Lair:2)
  A shadow dragon (Depths:1)
  A storm dragon (D:14)
  2 tengu reavers
  Donald (Snake:1)
  Roxanne (Snake:3)
  A revenant (Vaults:2)
  8 azure jellies
  7 nagarajas
  2 fenstrider witches
  5 rockslimes
  2 fire giants
  6 frost giants
  6 vault wardens
  A deep elf sorcerer (Elf:1)
  A balrug (Depths:2)
  An angel (Depths:1)
  A ghoul (Vaults:2)
  An orc warlord (Orc:2)
  9 ironbound preservers
  6 ironbound thunderhulks
  2 spriggan defenders (Depths:1)
  13 very ugly things
  A deep elf elementalist (Elf:2)
  4 quicksilver oozes
  3 stone giants
  An eleionoma (Swamp:4)
  2 vampire knights
  A deep elf demonologist (Elf:1)
  Azrael (D:15)
  7 bunyips
  A deep elf annihilator (Elf:1)
  5 dire elephants
  3 green deaths
  4 blizzard demons
  4 ettins
  A quicksilver dragon zombie (Depths:1)
  Josephine (D:10)
  4 crystal guardians
  5 fire dragons
  9 yaktaur captains
  A spriggan zombie (Depths:1)
  A shambling mangrove (Swamp:3)
  An entropy weaver (Vaults:1)
  A hell beast (Depths:2)
  4 vault guards
  A quicksilver dragon skeleton (Depths:1)
  10 great orbs of eyes
  11 anacondas
  3 ice dragons
  4 ghost crabs
  A caustic shrike simulacrum (IceCv)
  2 spriggan air magi
  13 centaur warriors
  A peacekeeper (Vaults:3)
  6 salamander tyrants
  2 rakshasas
  21 hydras
  6 ironbound frosthearts
  A catoblepas (Lair:5)
  4 boulder beetles
  Erica (D:8)
  An ogre mage (D:15)
  2 tengu warriors
  6 alligators
  11 dancing weapons
  11 two-headed ogres
  12 death yaks
  A vampire mage (D:12)
  3 deep troll shamans (Depths:1)
  3 deep troll earth magi
  11 naga warriors
  9 naga sharpshooters
  7 deep elf knights
  An orc high priest (Orc:2)
  10 shock serpents
  Sonja (Lair:3)
  Nergalle (Lair:3)
  2 soul eaters
  4 iron trolls
  A fire crab (shapeshifter) (D:13)
  15 spriggans
  3 salamander mystics
  8 goliath frogs
  2 tengu zombies (Depths:1)
  A glowing orange brain (Depths:1)
  2 flayed ghosts
  2 spriggan druids
  11 swamp dragons
  45 deep trolls
  11 naga ritualists
  9 spriggan simulacra (IceCv)
  9 deep elf archers
  12 ironbound convokers
  8 wizards
  A steelbarb worm (shapeshifter) (Depths:1)
  8 necromancers
  8 lindwurms
  5 bog bodies
  13 deep elf pyromancers
  9 deep elf zephyrmancers
  An obsidian statue (IceCv)
  2 golden dragon skeletons
  2 phantasmal warriors
  A sphinx zombie (Vaults:4)
  13 mana vipers
  5 orc knights
  A tengu skeleton (Depths:1)
  8 harpies
  A human zombie (Vaults:4)
  4 orc sorcerers
  A manticore (D:15)
  35 ugly things
  3 will-o-the-wisps
  8 cyclopes
  A fire giant zombie (Depths:1)
  14 salamanders
  5 shining eyes
  120 slime creatures
  A sphinx skeleton (Depths:1)
  Maurice (D:8)
  4 elephants (Lair:2)
  4 guardian serpents (Snake:4)
  2 rust devils (Depths:4)
  51 black mambas
  A frost giant skeleton (Vaults:4)
  9 cane toads
  22 naga magi
  14 vault sentinels
  A torpor snail (Lair:4)
  2 eyes of devastation
  2 molten gargoyles (Lair:5)
  3 gargoyles
  A cane toad (shapeshifter) (Elf:1)
  Psyche (D:8)
  2 orange demons
  5 rime drakes
  An unseen horror (D:11)
  6 freezing wraiths
  13 komodo dragons
  14 yaktaurs
  2 tengu conjurers
  An efreet (D:13)
  7 ice devils (IceCv)
  3 kobold demonologists
  2 red devils (D:11)
  4 anaconda simulacra (IceCv)
  A golden dragon simulacrum (IceCv)
  18 hornets
  11 trolls
  3 polar bears
  A tarantella (shapeshifter) (D:13)
  12 tyrant leeches
  Prince Ribbit (D:6)
  9 blink frogs
  2 dream sheep (Lair:2)
  An ettin zombie (Vaults:4)
  A stone giant simulacrum (Depths:1)
  A jumping spider (shapeshifter) (Vaults:2)
  2 shadows
  4 air elementals
  7 wraiths
  18 water elementals
  9 wyverns
  33 yaks
  Eustachio (D:5)
  4 fire elementals
  4 basilisks
  3 steam dragons
  9 minotaur simulacra (IceCv)
  Grum (D:10)
  Menkaure (D:7)
  11 vampire mosquitoes
  3 acid dragons
  27 nagas
  4 wargs
  A glowing shapeshifter zombie (Depths:1)
  A harpy simulacrum (IceCv)
  15 swamp worms
  6 hell hounds
  27 orc warriors
  Duvessa (D:6)
  10 water moccasins
  A floating eye (Slime:3)
  7 swamp drakes
  3 sky beasts
  A glowing shapeshifter skeleton (Depths:1)
  3 ice beasts
  2 black bears
  2 ettin simulacra (IceCv)
  6 ogres
  15 centaurs
  A boggart (Vaults:2)
  2 phantoms
  23 wolves
  13 kobold brigands
  6 bullfrogs
  6 earth elementals
  3 human skeletons
  5 scorpions
  8 deep troll simulacra (IceCv)
  9 wights
  Dowan (D:6)
  3 killer bees (D:10)
  2 lindwurm simulacra (IceCv)
  2 electric eels
  6 howler monkeys (D:10)
  5 lava snakes (Lair:5)
  14 jellies
  3 quasits (D:11)
  3 hounds
  11 orc priests
  Jessica (D:3)
  A sleepcap (D:5)
  Ijyb (D:5)
  Natasha (thrice) (D:4)
  11 orc wizards
  15 gnolls
  11 adders
  A shadow imp (D:4)
  A white imp (D:7)
  2 ufetubi
  5 worms
  4 dart slugs (D:1)
  50 orcs
  7 ball pythons
  2 bats (D:2)
  An endoplasm (D:3)
  5 giant cockroaches
  10 goblins
  8 hobgoblins
  3 jackals (D:4)
  2 quokkas
  A frilled lizard (D:3)
  76 kobolds
  5 rats
1582 creatures vanquished.

Vanquished Creatures (collateral kills)
  A lich (Vaults:2)
  A very ugly thing (Vaults:3)
  A peacekeeper (Vaults:1)
  2 dancing weapons (Elf:2)
  3 deep trolls (Vaults:3)
  2 deep elf zephyrmancers (Elf:2)
  2 hornets (Swamp:3)
12 creatures vanquished.

Vanquished Creatures (others)
  A deep elf knight (Elf:1)
  2 wizards
  A deep elf pyromancer (Elf:1)
  3 bloated husks
  2 demonic plants (D:11)
  39 foxfires
  37 fungi
  44 plants
129 creatures vanquished.

Grand Total: 1723 creatures vanquished

Table legend:
 A = Non-vault XP
 B = Vault XP
 C = Vault XP percentage of total XP
 D = Non-vault monster count
 E = Vault monster count
 F = Vault count percentage of total count
                 A         B        C        D         E       F
            +---------+---------+-------+---------+---------+-------
      Total |  441368 |  255748 |  36.7 |    1062 |     531 |  33.3
            +---------+---------+-------+---------+---------+-------
        D:1 |      36 |       0 |   0.0 |      17 |       0 |   0.0
        D:2 |      69 |       0 |   0.0 |      19 |       0 |   0.0
        D:3 |      12 |     562 |  97.9 |       7 |      64 |  90.1
        D:4 |     644 |      36 |   5.3 |      25 |       1 |   3.8
        D:5 |    1358 |     491 |  26.6 |      13 |      15 |  53.6
        D:6 |     905 |     479 |  34.6 |      11 |       3 |  21.4
        D:7 |    1067 |     172 |  13.9 |      15 |       1 |   6.2
        D:8 |    2022 |    1717 |  45.9 |      17 |       3 |  15.0
        D:9 |    2979 |    3266 |  52.3 |      29 |       4 |  12.1
       D:10 |    2182 |    2925 |  57.3 |      16 |       9 |  36.0
       D:11 |    6651 |    1989 |  23.0 |      33 |       7 |  17.5
       D:12 |    4658 |    1313 |  22.0 |      12 |       4 |  25.0
       D:13 |    6177 |    1391 |  18.4 |      20 |       2 |   9.1
       D:14 |   11325 |    8047 |  41.5 |      26 |       9 |  25.7
       D:15 |   18813 |    5452 |  22.5 |      40 |      12 |  23.1
     Lair:1 |    1314 |       0 |   0.0 |       4 |       0 |   0.0
     Lair:2 |    7659 |    3713 |  32.7 |      29 |       8 |  21.6
     Lair:3 |    5397 |    6271 |  53.7 |      19 |       9 |  32.1
     Lair:4 |   10999 |     135 |   1.2 |      31 |       3 |   8.8
     Lair:5 |   10168 |    7891 |  43.7 |      27 |      28 |  50.9
    Swamp:1 |   20071 |       0 |   0.0 |      42 |       0 |   0.0
    Swamp:2 |   12526 |     866 |   6.5 |      24 |       1 |   4.0
    Swamp:3 |   16458 |    3105 |  15.9 |      32 |       1 |   3.0
    Swamp:4 |   10089 |   12423 |  55.2 |      18 |      20 |  52.6
    Snake:1 |   12702 |    6737 |  34.7 |      30 |      10 |  25.0
    Snake:2 |   16433 |       0 |   0.0 |      31 |       0 |   0.0
    Snake:3 |   11735 |    3360 |  22.3 |      22 |       5 |  18.5
    Snake:4 |   17721 |   33142 |  65.2 |      35 |      47 |  57.3
    Slime:1 |    9469 |       0 |   0.0 |      19 |       0 |   0.0
    Slime:2 |   14050 |       0 |   0.0 |      36 |       0 |   0.0
    Slime:3 |   11679 |     373 |   3.1 |      20 |       9 |  31.0
    Slime:4 |    6559 |    7733 |  54.1 |      17 |       7 |  29.2
    Slime:5 |    2978 |    2002 |  40.2 |       4 |       3 |  42.9
      Orc:1 |    1716 |    2725 |  61.4 |      28 |      20 |  41.7
      Orc:2 |     931 |    7023 |  88.3 |      14 |      33 |  70.2
      Elf:1 |   20696 |     663 |   3.1 |      34 |       2 |   5.6
      Elf:2 |   15276 |    4155 |  21.4 |      26 |       5 |  16.1
   Vaults:1 |   11313 |   15576 |  57.9 |      21 |      20 |  48.8
   Vaults:2 |   20842 |   23548 |  53.0 |      38 |      29 |  43.3
   Vaults:3 |   45563 |   20830 |  31.4 |      64 |      26 |  28.9
   Vaults:4 |   16499 |   10539 |  39.0 |      29 |      15 |  34.1
   Depths:1 |   29880 |   14783 |  33.1 |      45 |      18 |  28.6
   Depths:2 |   14047 |   19956 |  58.7 |      17 |      23 |  57.5
   Depths:3 |    3114 |       0 |   0.0 |       3 |       0 |   0.0
   Depths:4 |    4586 |    2195 |  32.4 |       3 |       4 |  57.1
      IceCv |       0 |   18164 | 100.0 |       0 |      51 | 100.0
            +---------+---------+-------+---------+---------+-------

Skill      XL: |  1  2  3  4  5  6  7  8  9 10 11 12 13 14 15 16 17 18 19 20 21 |
---------------+----------------------------------------------------------------+-----
Long Blades    | 4 5 6 8 9 10 12 14 18 20 22 | 22.0
Fighting       | 5 8 10 12 14 16 18 19 20 22 | 22.0
Evocations     | 2 4 5 6 9 12 13 14 15 16 | 16.0
Armour         | 6 9 12 13 14 15 16 17 18 20 22 | 22.0
Dodging        | 1 4 6 9 11 13 15 16 20 | 20.2
Shields        | 4 |  4.8
Spellcasting   | |  1.0
Fire Magic     | |  2.1

Action                     |  1- 3 |  4- 6 |  7- 9 | 10-12 | 13-15 | 16-18 | 19-21 || total
---------------------------+-------+-------+-------+-------+-------+-------+-------++-------
  Melee: Falchion          |    94 |   180 |   415 |    75 |       |       |       ||   764
         Headbutt          |    15 |    20 |    79 |   176 |   322 |   460 |   545 ||  1617
         Punch             |       |     1 |     1 |     8 |       |     1 |       ||    11
         Scimitar          |       |       |       |   578 |   491 |   105 |       ||  1174
         Unarmed           |       |       |       |     3 |       |       |       ||     3
         Triple sword      |       |       |       |       |   816 |  1544 |  1810 ||  4170
 Invoke: Fiery Armour      |       |     1 |     3 |     2 |     4 |       |       ||    10
         Foxfire Swarm     |       |       |     2 |       |       |       |       ||     2
  Evoke: Wand              |       |     4 |     2 |     6 |     3 |    15 |    12 ||    42
         Phantom mirror    |       |       |       |       |     1 |     2 |     1 ||     4
         Box of beasts     |       |       |       |       |       |     2 |     3 ||     5
         Condenser vane    |       |       |       |       |       |     3 |     6 ||     9
         Phial of floods   |       |       |       |       |       |     1 |       ||     1
    Use: Scroll            |       |     3 |     3 |     8 |    12 |     9 |    13 ||    48
         Potion            |       |       |     2 |     6 |     6 |     6 |    12 ||    32
   Stab: Paralysed         |       |       |       |     9 |     2 |    17 |       ||    28
         Invisible         |       |       |       |     3 |       |       |     7 ||    10
         Distracted        |       |       |       |       |       |     2 |     1 ||     3
 Armour: Leather armour    |     5 |       |       |       |       |       |       ||     5
         Chain mail        |    55 |   121 |   168 |       |       |       |       ||   344
         Plate armour      |       |       |    51 |   314 |   551 |   949 |   513 ||  2378
         Skin              |       |       |       |     9 |       |       |       ||     9
         Storm dragon scal |       |       |       |       |       |       |   380 ||   380
  Dodge: Dodged            |    32 |    65 |   120 |   183 |   527 |  1025 |  1344 ||  3296
  Block: Kite shield       |       |       |       |    65 |    35 |       |       ||   100
         Buckler           |       |       |       |       |   201 |       |       ||   201
         Other             |       |       |       |       |   150 |   278 |       ||   428
         Reflection        |       |       |       |       |    19 |    14 |       ||    33

Illustrated notes

Table legend:
 A = Kills in this place as a percentage of kills in the entire game.
 B = Kills by you in this place as a percentage of kills by you in the entire game.
 C = Kills by friends in this place as a percentage of kills by friends in the entire game.
 D = Other kills in this place as a percentage of other kills in the entire game.
 E = Experience gained in this place as a percentage of experience gained in the entire game.
 F = Experience gained in this place divided by the number of levels of this place that you have seen.
                   A       B       C       D       E      F
               +-------+-------+-------+-------+-------+----------------------
         Total | 100.0 | 100.0 | 100.0 | 100.0 | 100.0 | 14832.3
       Dungeon |  27.2 |  27.5 |   0.0 |   0.0 |  12.4 | 5782.5
          Lair |   9.9 |  10.0 |   0.0 |   0.0 |   7.7 | 10709.4
         Swamp |   8.7 |   8.6 |  16.7 |   0.0 |  10.8 | 18884.5
     Snake Pit |  11.3 |  11.4 |   0.0 |   0.0 |  14.6 | 25457.5
    Slime Pits |   7.2 |   7.3 |   0.0 |   0.0 |   7.9 | 10968.6
  Orcish Mines |   6.0 |   6.0 |   0.0 |   0.0 |   1.8 | 6197.5
   Elven Halls |   4.2 |   4.0 |  33.3 |   0.0 |   5.9 | 20395.0
        Vaults |  15.2 |  14.9 |  50.0 | 100.0 |  23.6 | 41177.5
        Depths |   7.1 |   7.2 |   0.0 |   0.0 |  12.7 | 22140.2
      Ice Cave |   3.2 |   3.2 |   0.0 |   0.0 |   2.6 | 18164.0
               +-------+-------+-------+-------+-------+----------------------

Table legend: (Time is in decaauts)
 A = Elapsed time spent in this place.
 B = Non-inter-level travel time spent in this place.
 C = Inter-level travel time spent in this place.
 D = Time resting spent in this place.
 E = Time spent auto-exploring this place.
 F = Levels seen in this place.
 G = Mean time per level.
                   A        B        C        D        E       F      G
               +--------+--------+--------+--------+--------+-----+--------+
         Total |  61816 |  56697 |   5119 |  14543 |  27885 |  47 | 1315.2 |
       Dungeon |  19983 |  18087 |   1896 |   3910 |  10192 |  15 | 1332.2 |
          Lair |   8099 |   6972 |   1127 |   1332 |   4023 |   5 | 1619.8 |
         Swamp |   6162 |   5884 |    278 |   2680 |   1446 |   4 | 1540.5 |
     Snake Pit |   8998 |   8589 |    409 |   2933 |   4001 |   4 | 2249.5 |
    Slime Pits |   2322 |   2099 |    223 |    456 |    952 |   5 |  464.4 |
  Orcish Mines |   2055 |   1886 |    169 |    377 |    987 |   2 | 1027.5 |
   Elven Halls |   2185 |   2026 |    159 |    437 |   1028 |   2 | 1092.5 |
        Vaults |   7440 |   6784 |    656 |   1307 |   3604 |   4 | 1860.0 |
        Depths |   3142 |   2944 |    198 |    394 |   1459 |   4 |  785.5 |
         Abyss |     47 |     47 |      0 |      0 |      0 |   1 |   47.0 |
      Ice Cave |   1378 |   1378 |      0 |    714 |    191 |   1 | 1378.0 |
               +--------+--------+--------+--------+--------+-----+--------+

Top non-repeatable levels by time:
 Snake:4: 3482 daAuts
 Snake:1: 2491 daAuts
    D:10: 2383 daAuts
    D:11: 2307 daAuts
Vaults:2: 2181 daAuts
  Lair:2: 2092 daAuts
Vaults:3: 1976 daAuts
 Snake:3: 1893 daAuts
Vaults:1: 1815 daAuts
  Lair:3: 1738 daAuts
 Swamp:4: 1734 daAuts
 Swamp:1: 1651 daAuts
    D:15: 1629 daAuts
  Lair:4: 1627 daAuts
    D:14: 1549 daAuts
